AoeStats
← Grand2024

Nomad

509189602Analyzed
2v2 RM · 6d ago on Sep 25, 2026· 40m 11s· 4 players
Game mode
Random Map
Map size
176×176
Population
200
Speed
Normal
Resources
Standard
Victory
Conquest
Starting age
Dark Age
Ending age
Imperial Age
RankedLock teamsTeams togetherTeam positionsShared explorationLock speedFull tech treeHidden civsTurbo modeCheats
Victory
Defeat
🇧🇪 Malay · Belgium
855
+13
🇺🇸 Japanese · United States
746
+17
🇵🇱 Mongols · Poland
792
-16
🇸🇮 Romans · Slovenia
762
-14
MyR3alName
5:45 Loom
14:24 Feudal Age
15:42 Wheelbarrow
16:55 Double-Bit Axe
17:59 Gold Mining
22:32 Castle Age
21:46 Fletching
21:57 Padded Archer Armor
22:16 Stone Mining
23:33 Fishing Lines
25:56 Elite Skirmisher
26:57 Leather Archer Armor
bibi
5:03 Loom
16:08 Feudal Age
18:56 Double-Bit Axe
27:41 Castle Age
27:38 Wheelbarrow
27:31 Man-at-Arms
29:09 Forging
29:27 Long Swordsman
34:06 Scale Mail Armor
34:42 Iron Casting
40:30 Bow Saw
Grand2024
3:31 Loom
15:59 Feudal Age
15:38 Fishing Lines
19:21 Double-Bit Axe
20:39 Fletching
23:14 Castle Age
21:47 Fletching
21:59 Padded Archer Armor
22:31 Crossbowman
24:16 Forging
25:34 Gillnets
26:24 Bow Saw
27:21 Ballistics
27:02 Pikeman
29:37 Thumb Ring
29:51 Gold Mining
30:14 Bodkin Arrow
33:46 Wheelbarrow
37:18 Imperial Age
36:31 Leather Archer Armor
36:52 Iron Casting
36:11 Capped Ram
37:31 Gold Shaft Mining
36:45 Arbalester
37:55 Elite Skirmisher
40:46 Chemistry
xDATASURFERx
9:01 Loom
14:35 Feudal Age
15:56 Fishing Lines
17:24 Double-Bit Axe
20:20 Fletching
20:30 Scale Mail Armor
21:54 Man-at-Arms
22:20 Arson
31:28 Castle Age
33:48 Horse Collar
34:50 Ballistics
35:18 Padded Archer Armor
35:55 Elite Skirmisher
Connection lost

Rejoining the realm…

Still unreachable

The connection could not be restored.

Session expired

The server has moved on; the page needs a fresh start.